 Dungeon Crawl Stone Soup version 0.30-a0-585-g93115170b9 (webtiles) character file.

Game seed: 3636328536835992430

6147 bande the Cleaver (level 10, 52/61 HPs)
             Began as a Gargoyle Fighter on Jan 3, 2023.
             Was an Elder of Okawaru.
             Quit the game on level 10 of the Dungeon.
             The game lasted 00:16:05 (10015 turns).

bande the Cleaver (Gargoyle Fighter)               Turns: 10015, Time: 00:16:05

Health: 52/61      AC: 23    Str: 24    XL:     10   Next: 90%
Magic:  13/13      EV:  5    Int:  7    God:    Okawaru [****..]
Gold:   1341       SH: 12    Dex: 13    Spells: 9/9 levels left

rFire   + . .      SeeInvis .    r - +3 broad axe "Loschomn" {venom, rN+}
rCold   + . .      Faith    .    j - +2 kite shield {rC+}
rNeg    + + .      Spirit   .    G - +0 plate armour
rPois   ∞          Reflect  .    (no helmet)
rElec   +          Harm     .    n - +0 cloak
rCorr   .          Rampage  .    (no gloves)
Will    .....                    c - +0 pair of boots Stlth
                                 (no amulet)
HPRegen 0.30/turn                g - ring of protection from fire
MPRegen 0.13/turn                p - +6 ring of strength

@: no status effects
A: sickness immunity, AC +7, negative energy resistance 1, electricity
resistance, torment resistance 1, petrification resistance, dopey 1, weak 1, no
potion heal 1
a: Renounce Religion, Heroism, Finesse


You were on level 10 of the Dungeon.
You worshipped Okawaru.
Okawaru was greatly pleased with you.
You visited 2 branches of the dungeon, and saw 11 of its levels.
You also visited: Sewer and Ossuary.

You collected 1341 gold pieces.

Inventory:

Hand Weapons
 a - a +1 war axe
 r - the +3 broad axe "Loschomn" (weapon) {venom, rN+}
   (You acquired it on level 6 of the Dungeon)

   It poisons the flesh of those it strikes.
   rN:        It protects you from negative energy.
 y - a +0 flail
Armour
 c - a +0 pair of boots (worn)
 e - a +0 tower shield
 j - a +2 kite shield of cold resistance (worn)
 n - a +0 cloak (worn)
 D - a +2 scale mail of fire resistance
 G - a +0 plate armour (worn)
Jewellery
 g - a ring of protection from fire (left hand)
 l - a ring of positive energy
 p - a +6 ring of strength (right hand)
Wands
 h - a wand of mindburst (7)
 o - a wand of polymorph (5)
 H - a wand of flame (21)
Scrolls
 k - 3 scrolls of fear
 q - 3 scrolls of blinking
 B - a scroll of fog
 C - 4 scrolls of teleportation
 E - a scroll of amnesia
 F - a scroll of silence
 J - a scroll of poison
Potions
 b - 7 potions of curing
 d - 2 potions of might
 f - a potion of invisibility
 m - a potion of berserk rage
 s - 2 potions of magic
 t - a potion of resistance
 u - a potion of ambrosia {unknown}
 x - 2 potions of haste
 z - a potion of brilliance {unknown}
 A - 2 potions of cancellation


   Skills:
 + Level 6.5 Fighting
 + Level 9.0 Axes
 + Level 7.0 Armour
 - Level 0.6 Stealth
 + Level 8.1 Shields
 * Level 5.2 Invocations
 * Level 5.4 Evocations


You had 9 spell levels left.
You didn't know any spells.
Your spell library contained the following spells:

 Spells                   Type           Power      Damage    Failure   Level
 Magic Dart               Conj           0%         1d3       100%        1
 Blink                    Tloc           0%         N/A       100%        2
 Searing Ray              Conj           0%         2d4       100%        2
 Ignite Poison            Fire/Tmut/Pois 0%         N/A       100%        3
 Kindle Blastsparks       Fire/Tloc/Air  0%         2d10      100%        3
 Ozocubu's Armour         Ice            0%         N/A       100%        3
 Fulminant Prism          Conj/Hex       0%         3d5       100%        4
 Passage of Golubria      Tloc           0%         N/A       100%        4
 Freezing Cloud           Conj/Ice/Air   0%         6-21      100%        5
 Yara's Violent Unravell  Hex/Tmut       0%         3d3       100%        5
 Orb of Destruction       Conj           0%         9d5       100%        7
 Ozocubu's Refrigeration  Ice            0%         4d7       100%        7
 Chain Lightning          Conj/Air       0%         N/A       100%        9
 Summon Small Mammal      Summ           Unusable   N/A       N/A         1
 Call Canine Familiar     Summ           Unusable   N/A       N/A         3
 Summon Guardian Golem    Hex/Summ       Unusable   N/A       N/A         3
 Tukima's Dance           Hex            Unusable   N/A       N/A         3

Dungeon Overview and Level Annotations

Branches:
Dungeon (10/15)            Temple (1/1) D:6           Sewer (visited)
Ossuary (visited)
   Lair: D:8-11         Orc: D:9-12

Altars:
Cheibriados
Dithmenos
Elyvilon
Fedhas
Hepliaklqana
Kikubaaqudgha
Makhleb
Nemelex Xobeh
Okawaru
Qazlal
Ru
Sif Muna
Trog
Uskayaw
Vehumet
Wu Jian
Xom
Yredelemnul
The Shining One

Shops:
D:8 !:*=

Annotations:
D:8 6 transporters


Innate Abilities, Weirdness & Mutations

You are immune to sickness and miasma.
Your stone body is resilient. (AC +7)
You are immune to poison.
You resist negative energy. (rN+)
You are resistant to electric shocks. (rElec)
You are resistant to unholy torment.
You are immune to petrification.
You are dopey. (Int -2)
You are weak. (Str -2)
Potions are less effective at restoring your health.


Message History

You block the killer bee's attack.
You slice the killer bee!!
You kill the killer bee!
Okawaru accepts your kill.
No target in view!
No target in view!
No target in view!
No target in view!
No target in view!
No target in view!
No target in view!
No target in view!
No target in view!
HP restored.
Things that are here:
a killer bee corpse; a killer bee corpse; a killer bee corpse You see here a killer bee corpse.
k - 3 scrolls of fear (gained 2)
Found a robe.
Unknown command.
As you read the scroll labelled GYHINAS XUGYISS, it crumbles to dust.
Your body is wracked with pain!
It was a scroll of torment.
As you read the scroll of identify, it crumbles to dust.
s - 2 potions of magic
As you read the scroll of identify, it crumbles to dust.
A - 2 potions of cancellation
As you read the scroll of identify, it crumbles to dust.
v - 2 potions of mutation
As you read the scroll of identify, it crumbles to dust.
i - a potion of lignification You drop a potion of lignification.
Really quaff the potion of mutation?
You feel extremely strange.
Your connection to magic feels subdued.
Really quaff the potion of mutation?
You feel extremely strange.
Your magic regains its normal vibrancy.
Your system partially rejects the healing effects of potions.
You feel weaker.
You feel stupid.
Are you sure you want to abandon this character and quit the game? (Confirm with "yes".)

#########
#.....@.#
#[#####.######
##.........#
#.#...#.####.#
#.....†.#
#....#†##
.....###<#
###.#...##
#.####


There were no monsters in sight!

Vanquished Creatures
  A centaur warrior (D:9)
  A two-headed ogre (D:8)
  Pikel (D:4)
  Joseph (D:8)
  A troll (D:9)
  Sigmund (D:4)
  A wyvern (D:9)
  2 steam dragons
  Grum (D:8)
  3 water moccasins
  Duvessa (D:4)
  2 orc warriors
  A sky beast (D:4)
  A black bear (D:5)
  3 wolves (D:8)
  3 centaurs
  A lemure (D:4)
  A phantom (D:5)
  2 kobold brigands (D:8)
  4 bullfrogs
  A gnoll sergeant (D:9)
  A scorpion (D:6)
  2 necrophages
  Dowan (D:4)
  6 killer bees (D:10)
  A jelly (D:7)
  4 orc priests
  6 iguanas
  5 orc wizards
  A hound zombie (D:4)
  13 mummies
  12 gnolls
  13 adders
  2 white imps
  An ufetubus (D:4)
  An adder zombie (D:4)
  2 worms (D:4)
  A dart slug (D:2)
  30 orcs
  20 endoplasms
  11 giant cockroaches
  3 goblins
  4 hobgoblins
  18 kobolds
  6 quokkas
  18 ball pythons
  A bat (D:2)
  12 frilled lizards
  3 gnoll skeletons (Ossuary)
  2 goblin skeletons (Ossuary)
  3 orc skeletons (Ossuary)
  8 rats
  11 rat skeletons (Ossuary)
255 creatures vanquished.

Notes
Turn   | Place    | Note
-------+----------+-------------------------------------------
     0 | D:1      | bande the Gargoyle Fighter began the quest for the Orb.
     0 | D:1      | Reached XP level 1. HP: 14/14 MP: 1/1
   162 | D:1      | Reached XP level 2. HP: 17/19 MP: 2/2
   707 | D:2      | Reached skill level 2 in Axes
   707 | D:2      | Reached XP level 3. HP: 24/24 MP: 3/3
   801 | D:2      | Got the Elucidation of the Beginning
  1296 | D:3      | Reached XP level 4. HP: 29/29 MP: 4/4
  1800 | D:3      | Found a faded altar of an unknown god.
  2288 | D:4      | Noticed a necrophage
  2298 | D:4      | Killed a necrophage
  2299 | D:4      | Reached skill level 3 in Axes
  2299 | D:4      | Reached XP level 5. HP: 30/33 MP: 5/5
  2394 | D:4      | Found an ancient bone altar of Kikubaaqudgha.
  2427 | D:4      | Found a glowing drain.
  2438 | Sewer    | Entered a sewer
  2728 | Sewer    | Reached XP level 6. HP: 38/38 MP: 6/6
  3000 | Sewer    | Reached skill level 5 in Shields
  3006 | Sewer    | Reached skill level 1 in Evocations
  3338 | D:4      | Noticed Sigmund
  3363 | D:4      | Killed Sigmund
  3364 | D:4      | Reached skill level 4 in Axes
  3364 | D:4      | Reached XP level 7. HP: 22/44 MP: 7/7
  3561 | D:4      | Noticed Pikel
  3577 | D:4      | Killed Pikel
  3578 | D:4      | Reached skill level 5 in Axes
  3578 | D:4      | Reached skill level 5 in Armour
  3578 | D:4      | Reached XP level 8. HP: 11/48 MP: 8/8
  4101 | D:4      | Noticed Duvessa
  4101 | D:4      | Noticed Dowan
  4114 | D:4      | Killed Duvessa
  4115 | D:4      | Killed Dowan
  4578 | D:4      | Found a basalt altar of Yredelemnul.
  4719 | D:5      | Entered Level 5 of the Dungeon
  4724 | D:5      | Found an iron altar of Okawaru.
  4750 | D:5      | Became a worshipper of Warmaster Okawaru
  5149 | D:5      | Reached skill level 5 in Fighting
  5294 | D:5      | Reached skill level 1 in Invocations
  5359 | D:5      | Found a blossoming altar of Fedhas.
  5454 | D:5      | Reached skill level 6 in Axes
  5631 | D:5      | Reached XP level 9. HP: 54/54 MP: 10/10
  6086 | D:6      | Found a staircase to the Ecumenical Temple.
  6087 | D:6      | Identified 3 scrolls of acquirement
  6087 | D:6      | Acquired a +2 kite shield of cold resistance
  6099 | D:6      | Acquired the +3 broad axe "Loschomn" {venom, rN+}
  6102 | D:6      | Acquired 943 gold pieces
  6109 | Temple   | Entered the Ecumenical Temple
  6298 | D:6      | Noticed a +0 falchion
  6299 | D:6      | Noticed a +0 dagger
  6300 | D:6      | Noticed a +0 falchion
  6300 | D:6      | Noticed a +0 dagger
  6300 | D:6      | Noticed a +0 spear
  6300 | D:6      | Noticed a +0 short sword
  6300 | D:6      | Noticed a +0 short sword
  6300 | D:6      | Noticed a +0 spear
  6303 | D:6      | Found a hide-covered altar of Uskayaw.
  6450 | D:6      | Reached * piety under Okawaru
  7209 | D:8      | Found Holoonoc's Assorted Antiques.
  7216 | D:8      | Found a sand-covered staircase.
  7224 | Ossuary  | Entered an ossuary
  7738 | D:8      | Found Fuh Tad's Jewellery Boutique.
  7782 | D:8      | Reached skill level 7 in Axes
  7816 | D:8      | Found a transporter.
  7819 | D:8      | Reached ** piety under Okawaru
  7855 | D:8      | Noticed Joseph
  7865 | D:8      | Killed Joseph
  7919 | D:8      | Noticed Grum
  7933 | D:8      | Killed Grum
  8273 | D:8      | Noticed a two-headed ogre
  8280 | D:8      | HP: 2/55 [kobold/+1 dagger of venom (1)]
  8282 | D:8      | Killed a two-headed ogre
  8283 | D:8      | Reached skill level 8 in Axes
  8283 | D:8      | Reached XP level 10. HP: 2/60 MP: 11/13
  8284 | D:8      | Reached *** piety under Okawaru
  8489 | D:8      | Found Ostyho's Book Boutique.
  8503 | D:8      | Found Toufeq's Distillery.
  8549 | D:8      | Found a transporter.
  8599 | D:8      | Found a transporter.
  8603 | D:8      | Found a transporter.
  8610 | D:8      | Found a transporter.
  8610 | D:8      | Found a transporter.
  8635 | D:8      | Found a burning altar of Makhleb.
  9158 | D:9      | Found a hazy altar of Hepliaklqana.
  9161 | D:9      | Found a shimmering altar of Xom.
  9164 | D:9      | Found a radiant altar of Vehumet.
  9167 | D:9      | Found a bloodstained altar of Trog.
  9211 | D:9      | Reached skill level 5 in Evocations
  9382 | D:9      | Noticed a centaur warrior
  9396 | D:9      | Killed a centaur warrior
  9396 | D:9      | Reached **** piety under Okawaru
  9397 | D:9      | Reached skill level 5 in Invocations
  9723 | D:9      | Reached skill level 9 in Axes
  9863 | D:9      | Found an ornate altar of the Wu Jian Council.
  9948 | D:10     | Entered Level 10 of the Dungeon
 10013 | D:10     | Gained mutation: Your spells are a little easier to cast,
                  | but a little less powerful. [potion of mutation]
 10014 | D:10     | Lost mutation: Your spells are a little easier to cast, but
                  | a little less powerful. [potion of mutation]
 10014 | D:10     | Gained mutation: Potions are less effective at restoring
                  | your health. [potion of mutation]
 10014 | D:10     | Gained mutation: You are weak. (Str -2) [potion of
                  | mutation]
 10014 | D:10     | Gained mutation: You are dopey. (Int -2) [potion of
                  | mutation]
 10015 | D:10     | Quit the game

Illustrated notes

Levels and vault maps discovered:
D:1:      amcnicky_arrival_single_pillar, layout_rooms
D:2:      layout_loops_cross
D:3:      layout_basic, hellmonk_ecumenical_altar_slurped_away, nicolae_titane
D:4:      layout_gridville, nicolae_overflow_crystal_walls,
          lemuel_zombie_altar_yredelemnul, portal_sewer_entry_e,
          serial_bayou_crossing, uniq_pikel, uniq_duvessa, uniq_sigmund
D:5:      layout_gridville, mainiacjoe_overflow_boulevard,
          mainiacjoe_overflow_alcove_4, chequers_decorated_corner
D:6:      layout_loops_ring, nicolae_uskayaw_en_pointe,
          minmay_temple_entry_statues_pillars
D:7:      layout_rooms
D:8:      layout_gridville, kennysheep_mini_moat, serial_shops,
          nicolae_shop_temple_entry_statues_fountains,
          nicolae_shop_overgrown_old_shop, shop, shop,
          gup_ossuary_entry_pyramid, serial_nicolae_subway,
          nicolae_sub_station_stone, nicolae_sub_station_metal,
          nicolae_sub_station_crystal, uniq_grum, uniq_joseph
D:9:      layout_irregular_city, nicolae_wu_jian_immortal_techniques,
          grunt_temple_overflow_cloverleaf, minmay_misc_feat_more_columns
D:10:     layout_loops_cross, pdpol_temple_overflow_zin_treasury_gozag_greed,
          mainiacjoe_overflow_tiny_flanked, david_lair_shrubbed, orc_0_dummy,
          uniq_snorg
Temple:   hellmonk_temple_of_storms

Skill      XL: |  1  2  3  4  5  6  7  8  9 10 |
---------------+-------------------------------+-----
Axes           | 2 3 4 5 6 8 9 |  9.0
Shields        | 4 5 6 7 8 |  8.1
Armour         | 4 5 6 7 |  7.0
Fighting       | 4 5 6 |  6.5
Evocations     | 1 2 3 4 5 |  5.4
Invocations    | 1 4 5 |  5.2
Stealth        | |  0.6

Action                   |  1- 3 |  4- 6 |  7- 9 | 10-12 || total
-------------------------+-------+-------+-------+-------++-------
Melee: War axe           |   102 |   229 |   167 |       ||   498
       Broad axe         |       |       |   166 |    95 ||   261
  Use: Scroll            |     2 |     1 |    14 |     5 ||    22
       Potion            |       |     1 |     2 |     3 ||     6
Armor: Scale mail        |    44 |       |    19 |       ||    63
       Chain mail        |    25 |   214 |   195 |       ||   434
       Plate armour      |       |       |    30 |   129 ||   159
Dodge: Dodged            |    12 |    52 |    72 |    28 ||   164
Block: Tower shield      |    93 |   246 |   188 |       ||   527
       Kite shield       |       |       |    97 |    95 ||   192

Table legend: (Time is in decaauts)
 A = Elapsed time spent in this place.
 B = Non-inter-level travel time spent in this place.
 C = Inter-level travel time spent in this place.
 D = Time resting spent in this place.
 E = Time spent auto-exploring this place.
 F = Levels seen in this place.
 G = Mean time per level.
                   A        B        C        D        E       F      G
               +--------+--------+--------+--------+--------+-----+--------+
         Total |  10519 |  10330 |    189 |   2517 |   5500 |  13 |  809.2 |
       Dungeon |   8973 |   8806 |    167 |   2196 |   4871 |  10 |  897.3 |
        Temple |     58 |     36 |     22 |      0 |     29 |   1 |   58.0 |
         Sewer |    983 |    983 |      0 |    321 |    294 |   1 |  983.0 |
       Ossuary |    504 |    504 |      0 |      0 |    305 |   1 |  504.0 |
               +--------+--------+--------+--------+--------+-----+--------+

Top non-repeatable levels by time:
     D:4: 1704 daAuts
     D:5: 1362 daAuts
     D:8: 1249 daAuts
     D:3: 1140 daAuts
     D:9: 1069 daAuts
   Sewer: 983 daAuts
     D:2: 730 daAuts
     D:6: 684 daAuts
     D:1: 508 daAuts
 Ossuary: 504 daAuts
     D:7: 448 daAuts
    D:10: 75 daAuts
  Temple: 58 daAuts
